 Dungeon Crawl Stone Soup version 0.27.0-1-g7a089689b8 (webtiles) character file.

Game seed: 10129275738694293872

93 ZARRMARR the Sneak (level 4, -1/54 HPs)
             Began as a Kobold Enchanter on Aug 14, 2021.
             Slain by Natasha (3 damage)
             ... on level 2 of the Dungeon.
             The game lasted 00:08:59 (1770 turns).

ZARRMARR the Sneak (Kobold Enchanter)               Turns: 1770, Time: 00:09:00

Health: -1/54      AC: 22    Str:  5    XL:     4   Next: 92%
Magic:  3/8        EV:  3    Int: 17    God:
Gold:   66         SH:  4    Dex: 15    Spells: 4/8 levels left

rFire    . . .     SeeInvis .   a - +1 dagger
rCold    + . .     Faith    .   e - +0 buckler of Disguise {rC+ Slay+2 Stlth+}
rNeg     + + +     Spirit   .   (armour currently unavailable)
rPois    +         Reflect  .   (helmet currently unavailable)
rElec    .         Harm     .   (cloak currently unavailable)
rCorr    .         Rampage  .   (gloves currently unavailable)
Will     .....     NoTele   +   (boots currently unavailable)
Stlth    ..........             (no amulet)
HPRegen  0.18/turn              (no ring)
MPRegen  0.11/turn              (no ring)

@: berserking, tree-form, hasted, very quick
A: stationary, stasis, torment immunity, boosted hp, small, no large weapons,
nightstalker 3
a: no special abilities


You were on level 2 of the Dungeon.
You were a tree.
You visited 1 branch of the dungeon, and saw 2 of its levels.

You collected 66 gold pieces.

Inventory:

Hand Weapons
 a - a +1 dagger (weapon)
Missiles
 g - 57 stones (quivered)
Armour
 b - a +0 robe (melded)
 e - the +0 buckler of Disguise (worn) {rC+ Slay+2 Stlth+}
   (You acquired it on level 1 of the Dungeon)

   Slay:      It affects your accuracy & damage with ranged weapons and melee
   (+2).
   rC:        It protects you from cold.
   Stlth:     It makes you more stealthy.
 i - a +0 pair of gloves (melded)
Magical Staves
 f - a staff of conjuration
Scrolls
 k - a scroll of brand weapon {unknown}
Potions
 d - a potion of lignification
 j - a potion of flight {unknown}


   Skills:
 + Level 0.1 Fighting
 + Level 2.0 Short Blades
 + Level 2.4 Dodging
 + Level 5.4 Stealth
 * Level 2.7 Spellcasting
 * Level 1.5 Conjurations
 * Level 3.5 Hexes


You had 4 spell levels left.
You knew the following spells:

 Your Spells              Type           Power      Damage    Failure   Level
a - Corona                Hex            15%        N/A       7%          1
b - Dazzling Flash        Conj/Hex       20%        N/A       32%         3

Your spell library contained the following spells:

 Spells                   Type           Power      Damage    Failure   Level
 Ensorcelled Hibernation  Hex/Ice        16%        N/A       22%         2
 Confusing Touch          Hex            14%        N/A       22%         3
 Tukima's Dance           Hex            14%        N/A       22%         3


Dungeon Overview and Level Annotations

Branches:
Dungeon (2/15)

Altars:

Annotations:
D:2 Natasha


Innate Abilities, Weirdness & Mutations

You are a tree.
Your roots penetrate the ground, keeping you stationary.
You cannot be teleported.
You are immune to unholy pain and torment.
Your maximum health is greatly increased.
Your equipment is partially melded.
You are small and have problems with some larger weapons.
You are completely attuned to the shadows.


Message History

The spell is extremely dangerous to cast (32% risk of failure)!
Continue anyway?
Uppercase [Y]es or [N]o only, please.
The spell is extremely dangerous to cast (32% risk of failure)!
Continue anyway?
Natasha claws you.
Casting: Dazzling Flash (extremely dangerous; 32% risk of failure)
Confirm with . or Enter, or press ? or * to list all spells.
The spell is extremely dangerous to cast (32% risk of failure)!
Continue anyway?
Natasha is dazzled.
Natasha claws you.
You hit Natasha.
Natasha is lightly wounded.
Natasha misses you.
You hit Natasha.
Natasha is moderately wounded.
Natasha misses you.
You hit Natasha but do no damage.
Natasha is moderately wounded.
Natasha claws you!
* * * LOW HITPOINT WARNING * * *
You barely miss Natasha.
Natasha is moderately wounded.
Natasha stares at you and mumbles some strange words.
You resist with some effort.
You barely miss Natasha.
Natasha is moderately wounded.
Natasha is no longer blind.
Natasha claws you.
* * * LOW HITPOINT WARNING * * *
It was a potion of lignification.
You turn into a tree.
Your +0 pair of gloves melds into your body.
Your +0 robe melds into your body.
Your roots penetrate the ground.
Natasha claws you but does no damage.
You hit Natasha but do no damage.
Natasha is moderately wounded.
Natasha claws you.
* * * LOW HITPOINT WARNING * * *
It was a potion of haste.
You feel yourself speed up. Natasha barely misses you.
It was a potion of berserk rage.
A red film seems to cover your vision as you go berserk!
You feel yourself moving faster!
You feel mighty! Natasha claws you.
You die...

#.##..##.#.#.
#.. .#
#.#..##
##.#.##
#....# #.#..#
#.#..# .
#.##.# ^#
#.##.#.# #♣.#
#h## #.# ...
..(


You could see Natasha.

Vanquished Creatures
  Natasha (D:2)
  4 gnolls (D:2)
  A ball python (D:1)
  6 endoplasms
  A giant cockroach (D:1)
  3 goblins
  2 hobgoblins (D:1)
  4 kobolds (D:1)
  3 bats
  A frilled lizard (D:1)
  5 rats
31 creatures vanquished.

Notes
Turn   | Place    | Note
-------+----------+-------------------------------------------
     0 | D:1      | ZARRMARR the Kobold Enchanter began the quest for the Orb.
     0 | D:1      | Reached XP level 1. HP: 10/10 MP: 3/3
   660 | D:1      | Reached XP level 2. HP: 15/15 MP: 5/5
  1002 | D:1      | Reached XP level 3. HP: 9/19 MP: 6/6
  1170 | D:1      | Learned a level 3 spell: Dazzling Flash
  1244 | D:1      | Found a faded altar of an unknown god.
  1252 | D:1      | Identified a scroll of acquirement
  1252 | D:1      | Acquired the +0 buckler of Disguise {rC+ Slay+2 Stlth+}
  1485 | D:2      | Noticed Natasha
  1492 | D:2      | Killed Natasha
  1493 | D:2      | Reached skill level 1 in Conjurations
  1493 | D:2      | Reached XP level 4. HP: 17/24 MP: 3/7
  1715 | D:2      | Reached skill level 5 in Stealth
  1756 | D:2      | Noticed Natasha
  1768 | D:2      | HP: 1/36 [Natasha (3)]
  1770 | D:2      | Slain by Natasha

Illustrated notes

Levels and vault maps discovered:
D:1:      wheals_arrival_shading, layout_rooms,
          hellmonk_ecumenical_altar_lost_god
D:2:      layout_basic, minmay_misc_feat_ornament, minmay_parallelograms,
          kennysheep_generic_room_4, uniq_natasha

Skill      XL: |  1  2  3  4 |
---------------+-------------+-----
Conjurations   | 1 |  1.5
Short Blades   | 2 |  2.0
Stealth        | 5 |  5.4
Fighting       | |  0.1
Dodging        | |  2.4
Spellcasting   | |  2.7
Hexes          | |  3.5

Action                   |  1- 3 |  4- 6 || total
-------------------------+-------+-------++-------
Melee: Dagger            |    56 |    13 ||    69
Throw: Throwing net      |     1 |       ||     1
       Stone             |     1 |     1 ||     2
 Cast: Corona            |     3 |       ||     3
       Dazzling Flash    |     1 |     2 ||     3
  Use: Scroll            |     3 |       ||     3
       Potion            |       |     3 ||     3
 Stab: Sleeping          |    16 |     7 ||    23
       Held in net/web   |     1 |       ||     1
       Invisible         |     1 |       ||     1
Armor: Robe              |     5 |       ||     5
       Skin              |       |     1 ||     1
Dodge: Dodged            |    34 |     3 ||    37
Block: Buckler           |     1 |       ||     1
